Unix NetHack Version 5.0.0-0 post-release - last build Jun 10 2026 00:39:30 (3ee93aec679c4c4259841fe613dc97188e26a321,branch:main).

Game began 2026-06-17 16:49:29, ended 2026-06-17 20:50:17.

Ch3Begorrah, chaotic male human Rogue

                                                                       -------
                                                                       |.....|
   ------------         ---------------------------------              |.....|
   |........<..##       |...............................|             #-@..>.|
   |..........| #       |.----....-----.----+--..-----..|              -----.-
   |..........| #       |.|..|---.|.. |.-..|  |..|(((|..|                   #
   |..........| #       |.|..|..|.|._.|.|..|  |..|(((|..|                  ##
   |..........+####     |.--||..|.|...|.--------.|...|..|               ####
   |..........|  ##     |....|..|.|...-....|...|.---|-..|              ##
   ------------   ##    |.{..--|-.----|....-...|.........##           ##
                   ##   |..........-..||--.-----..-----.| #           #
                    #   |....--|-..|..|..|........|...|.| ####     ####
                    ####|.-|-|..|.----|..|-|--....-.(.|.|    #### -.------
                       #|.|..|..|.|.*+|--|...|---.-----.|       # |......|
                       #|.|..|---.|.%?|..|(((|..|.%.....|       0#|......|
                       #|.|..|....-.][|..|(((|..-.......|        #|...)..|
                       #..----....------|--------.....{.|        #-..[...|
                        |...............................|         |......|
                        ---------------------------------         --------

Ch3Begorrah the Rogue   St:14 Dx:16 Co:15 In:12 Wi:11 Ch:8  Chaotic
Dlvl:6  $:60 HP:0(38) Pw:31(31) AC:6  Xp:6 T:2332  Hungry   Burdened

Latest messages:
 What do you want to use or apply? [efikIKPXY or ?*] f
 You hear someone beseeching Mog.
 You hear someone cursing shoplifters.
 You stop waiting.
 You feel tough!
 You must have been leading a healthy life-style.
 You fall down the stairs.
 You hear some noises in the distance.
 The gnome lord picks up a hard hat.
 Your candle is getting short.
 You see here 7 darts.
 The dwarf picks up 13 darts.
 In what direction? n
 The dagger hits the gnome lord.
 The gnome lord puts on a hard hat.
 In what direction? n
 The dagger misses the gnome lord.
 The gnome lord wields a dagger!
 In what direction? n
 The dagger hits the gnome lord.
 The dwarf picks up 4 daggers.
 The gnome lord picks up a bow.
 You hit the gnome lord!
 The gnome lord thrusts his dagger.
 The gnome lord hits!
 In what direction? n
 The dagger hits the gnome lord.
 The gnome lord thrusts his dagger.
 The gnome lord hits!
 You slip and nearly fall.
 You make a lot of noise!
 The gnome lord thrusts his dagger.
 The gnome lord hits!
 What do you want to zap? [ikXY or ?*] ?
 In what direction? j
 You kill the gnome lord!
 The bolt of fire bounces!
 You see here 7 darts.
 You trip over your own feet.
 You make a lot of noise!
 You are beginning to feel hungry.
 You climb up the stairs.
 Something is written here in the dust.
 You read: "They ?ay that pl?vin  ? h?rn really bad i? really goc?".
 KAABLAMM!!!  You triggered a land mine!
 Your movements are slowed slightly because of your load.
 You hear the howling of the CwnAnnwn...
 You fall into a pit!
 You die...
 Do you want your possessions identified? [ynq] (y) q

Inventory:
 Coins    ('$')
  $ - 60 gold pieces
 Amulets  ('"')
  O - a cursed amulet of restful sleep
  Z - an uncursed amulet of strangulation
 Weapons  (')')
  J - 6 +0 daggers (at the ready)
  E - a +0 elven dagger
  n - a corroded +1 long sword (weapon in right hand)
 Armor    ('[')
  a - a cursed -1 pair of gauntlets of fumbling (being worn)
  m - an uncursed +0 pair of leather gloves
  F - an uncursed +0 pair of iron shoes (being worn)
  G - a cursed -1 dwarvish cloak (being worn)
  c - an uncursed +1 leather armor (being worn)
 Comestibles  ('%')
  V - an uncursed clove of garlic
  b - a cursed partly eaten food ration
  W - an uncursed lembas wafer
  q - an uncursed tripe ration
 Scrolls  ('?')
  h - an uncursed scroll of confuse monster named curserd
 Potions  ('!')
  d - an uncursed potion of sickness
  j - an uncursed potion of water
 Rings    ('=')
  g - an uncursed +1 ring of gain strength
 Wands    ('/')
  i - a wand of cold named empty (0:0)
  k - a cursed wand of fire (0:0)
  X - a cursed wand of light (0:3)
  Y - a cursed wand of polymorph (0:2)
 Tools    ('(')
  f - an uncursed sack containing 1 item
  e - an uncursed lock pick
  K - a cursed partly used tallow candle (lit)
  P - an uncursed tin whistle
  I - an uncursed partly used wax candle (lit)
 Gems/Stones  ('*')
  N - an uncursed worthless piece of violet glass

Contents of the sack:
  a +0 pick-axe

Ch3Begorrah the Rogue's attributes:

Background:
 You were a Rogue, level 6 male human.
 You were chaotic, nominally on a mission for Kos
 who was opposed by Issek (lawful) and Mog (neutral).
 You were right-handed.
 You were in the Gnomish Mines, on level 6.
 You entered the dungeon 2332 turns ago.
 There was a new moon in effect when your adventure ended.
 You had 362 experience points, 278 more were needed to attain level 7.

Basics:
 You had 0 out of 38 hit points.
 You had all 31 energy points (spell power).
 Your armor class was 6.
 Your wallet contained 60 zorkmids.
 Autopickup was off.

Final Characteristics:
 Your strength was 14 (limit:18/100).
 Your dexterity was 16 (base:17, limit:18).
 Your constitution was 15 (limit:18).
 Your intelligence was 12 (limit:18).
 Your wisdom was 11 (limit:18).
 Your charisma was 8 (limit:18).

Final Status:
 You were trapped in a pit.
 You had wounded legs.
 You fumbled.
 You were hungry.
 You were burdened; movement was slightly slowed.
 You were wielding a long sword.
 You had basic skill with long sword.

Final Attributes:
 You were piously aligned.
 Your items were somewhat protected from fire.
 Your items were somewhat protected from cold.
 You were poison resistant.
 You were stealthy.
 You were warded.
 You are dead.

Miscellaneous:
 You encountered 1 bones level.
 Total elapsed playing time was 29 minutes and 12 seconds.

Major events:
 Turn
    1: Ch3Begorrah the chaotic male human Rogue entered the dungeon
  385: entered the Gnomish Mines
  807: attained the rank of Cutpurse (level 3)
 1724: reached Mine Town
 2196: attained the rank of Rogue (level 6)
 2332: fell into a pit

You didn't know any spells.

Skills:
 Fighting Skills
   bare handed combat [Unskilled]
   two weapon combat  [Unskilled]
   riding             [Unskilled]
 Weapon Skills
   dagger             [Basic]
   knife              [Unskilled]
   short sword        [Basic]
   broadsword         [Unskilled]
   long sword         [Basic]
   two-handed sword   [Unskilled]
   saber              [Unskilled]
   club               [Unskilled]
   mace               [Unskilled]
   morning star       [Unskilled]
   flail              [Unskilled]
   hammer             [Unskilled]
   polearms           [Unskilled]
   spear              [Unskilled]
   crossbow           [Unskilled]
   dart               [Unskilled]
   shuriken           [Unskilled]
 Spellcasting Skills
   divination spells  [Unskilled]
   escape spells      [Unskilled]
   matter spells      [Unskilled]

Voluntary challenges:
 Character rerolling was not enabled.
 You followed a strict vegan diet.
 You were an atheist.
 You never genocided any monsters.
 You never polymorphed an object.
 You never changed form.
 You used no wishes.
Achievements:
 You entered the Gnomish Mines.
 You entered a shop.
 You attained the rank of Cutpurse.
 You entered Minetown.
 You entered a temple.
 You attained the rank of Rogue.

 The Dungeons of Doom: levels 1 to 4
    Level 1:
       An altar to Kos.
    Level 2:
       A weapon shop.
    Level 3:
       A general store, a fountain, a sink.
       Stairs down to The Gnomish Mines.
    Level 4:
 The Gnomish Mines: levels 4 to 7
    Level 4:
    Level 5:
    Level 6: <- You were here.
       Many shops, a temple and an altar, some fountains.
       Final resting place for
          you, fell into a pit.
    Level 7:
       A grave.
       Final resting place for
          magnolian-Val-Hum-Fem-Law, killed by a hallucinogen-distorted gnome king, while fainted from lack of food.


Vanquished creatures:
  a small mimic
  a gnome ruler
  a fog cloud
  a shrieker
  4 gnome leaders
  2 gnomish wizards
  a kitten
  4 dwarves
  a kobold leader
  2 acid blobs
  a gas spore
  2 hobbits
  2 cave spiders
  a red mold
 18 gnomes
  2 garter snakes
  a gecko
  2 jackals
  2 foxes
  2 goblins
  a grid bug
  2 lichens
  9 newts
63 creatures vanquished.

No species were genocided or became extinct.

Game over:
                       ----------
                      /          \
                     /    REST    \
                    /      IN      \
                   /     PEACE      \
                  /                  \
                  |   Ch3Begorrah    |
                  |      60 Au       |
                  | fell into a pit  |
                  |                  |
                  |                  |
                  |                  |
                  |       2026       |
                 *|     *  *  *      | *
        _________)/\\_//(\/(/\)/\//\/|_)_______

Goodbye Ch3Begorrah the Rogue...

You died in The Gnomish Mines on dungeon level 6 with 1822 points,
and 60 pieces of gold, after 2332 moves.
You were level 6 with a maximum of 38 hit points when you died.

